 Dungeon Crawl Stone Soup version 0.25-a0-780-g622e69b31f (webtiles) character file.

Game seed: 7560929716366634812, levelgen mode: deterministic

65 Hasart the Chiller (level 3, -1/19 HPs)
             Began as a Deep Elf Ice Elementalist on Apr 14, 2020.
             Slain by a kobold
             ... wielding a +0 short sword of electrocution
              (17 damage)
             ... on level 2 of the Dungeon.
             The game lasted 00:02:14 (1453 turns).

Hasart the Chiller (Deep Elf Ice Elementalist)      Turns: 1453, Time: 00:02:14

Health: -1/19      AC:  3    Str:  5    XL:     3   Next: 94%
Magic:  9/10       EV: 13    Int: 20    God:
Gold:   36         SH:  0    Dex: 15    Spells: 8/9 levels left

rFire    . . .     SeeInvis .   e - +0 short sword
rCold    . . .     Gourm    .   (no shield)
rNeg     . . .     Faith    .   a - +0 robe
rPois    .         Spirit   .   m - +0 helmet
rElec    .         Reflect  .   (no cloak)
rCorr    .         Harm     .   (no gloves)
MR       .....                  (no boots)
Stlth    ++........             (no amulet)
HPRegen  0.06/turn              (no ring)
MPRegen  0.12/turn              (no ring)

@: no status effects
A: no striking features
a: no special abilities


You were on level 2 of the Dungeon.
You were hungry.

You visited 1 branch of the dungeon, and saw 2 of its levels.

You collected 36 gold pieces.

Inventory:

Hand Weapons
 e - a +0 short sword (weapon)
Armour
 a - a +0 robe (worn)
 m - a +0 helmet (worn)
Wands
 l - a wand of polymorph (6)
Scrolls
 b - a scroll of immolation {unknown}
 f - a scroll of teleportation {unknown}
 g - 3 scrolls of identify {unknown}
 n - a scroll of fear {unknown}
Potions
 d - a potion of haste {unknown}
 h - a potion of mutation {unknown}
 i - a potion of flight {unknown}
 j - a potion of cancellation {unknown}
Comestibles
 c - a ration
 k - 13 chunks of flesh


   Skills:
 + Level 3.3 Dodging
 - Level 2.4 Stealth
 + Level 3.8 Spellcasting
 * Level 5.3 Ice Magic


You had 8 spell levels left.
You knew the following spells:

 Your Spells              Type           Power        Failure   Level  Hunger
a - Freeze                Ice            ####         1%          1    None

Your spell library contained the following spells:

 Spells                   Type           Power        Failure   Level  Hunger
 Frozen Ramparts          Ice            ####..       4%          3    ###....
 Ozocubu's Armour         Chrm/Ice       ##......     13%         3    ###....
 Hailstorm                Conj/Ice       ##......     41%         4    ####...
 Summon Ice Beast         Ice/Summ       ##......     41%         4    ####...


Dungeon Overview and Level Annotations

Branches:
Dungeon (2/15)

Altars:


Message History

A kobold comes into view.
It is wielding a +0 short sword of electrocution.
The kobold shouts!
A kobold is nearby!
A hobgoblin comes into view. It is wielding a +0 club.
You are feeling hungry.
A worm comes into view.
The hobgoblin throws a stone.
The stone hits you but does no damage.
Found a hunting sling.
You see here a stone.
Casting: Freeze (safe; 1% risk of failure)
Confirm with . or Enter, or press ? or * to list all spells.
Aiming: Freeze (safe; 1% risk of failure)
Press: ? - help, Shift-Dir - straight line, f - kobold
Aim: a kobold, wielding a +0 short sword of electrocution You freeze the kobold.
The kobold is severely wounded.
The kobold hits you with a +0 short sword of electrocution.
You are electrocuted!
Ouch! That really hurt!
You die...

..#######'########
#.########
#.#<)..).)
#.######## #.# #)#
#########.#
#.........#
#@#########
.....gK..#
...........
).........##
..........#
..w.......#
..........#
..........#


You could see a worm, a hobgoblin and a kobold.

Vanquished Creatures
  Robin (D:2)
  An ooze (D:1)
  A dart slug (D:1)
  14 goblins
  7 hobgoblins
  3 jackals (D:1)
  7 kobolds
  2 bats (D:1)
  3 frilled lizards (D:1)
  4 rats (D:1)
43 creatures vanquished.

Notes
Turn   | Place    | Note
-------+----------+-------------------------------------------
     0 | D:1      | Hasart the Deep Elf Ice Elementalist began the quest for
                  | the Orb.
     0 | D:1      | Reached XP level 1. HP: 10/10 MP: 6/6
    77 | D:1      | Reached XP level 2. HP: 13/15 MP: 0/8
   633 | D:1      | Reached skill level 5 in Ice Magic
   640 | D:1      | Reached XP level 3. HP: 5/19 MP: 3/10
  1220 | D:2      | Noticed Robin
  1318 | D:2      | Killed Robin
  1453 | D:2      | Slain by a kobold

Levels and vault maps discovered:
D:1:      dpeg_arrival_tiny_h, layout_basic, minmay_bisected
D:2:      layout_basic, uniq_robin, uniq_jessica, uniq_natasha,
          uniq_crazy_yiuf_cottage

Skill      XL: |  1  2 |
---------------+-------+-----
Dodging        | 3 |  3.3
Ice Magic      | 5 |  5.3
Stealth        | |  2.4
Spellcasting   | |  3.8

Action                   || total
-------------------------++-------
Melee: Unarmed           ||     2
       Short sword       ||    12
 Cast: Freeze            ||    58
  Eat: Chunk             ||     1
Armor: Robe              ||    12
       Skin              ||     5
Dodge: Dodged            ||    37

Table legend:
 A = Non-vault XP
 B = Vault XP
 C = Vault XP percentage of total XP
 D = Non-vault monster count
 E = Vault monster count
 F = Vault count percentage of total count
                 A         B        C        D         E       F
            +---------+---------+-------+---------+---------+-------
      Total |      46 |      48 |  51.1 |      24 |      19 |  44.2
            +---------+---------+-------+---------+---------+-------
        D:1 |      45 |      10 |  18.2 |      23 |       6 |  20.7
        D:2 |       1 |      38 |  97.4 |       1 |      13 |  92.9
            +---------+---------+-------+---------+---------+-------
